 Dungeon Crawl Stone Soup version 0.26.1-11-gd32895ea62 (webtiles) character file.

Game seed: 12136145018695589439

6235 Almogavar the Nimble (level 10, 0/88 (90) HPs)
             Began as a Minotaur Berserker on May 20, 2021.
             Was a High Priest of Trog.
             Succumbed to a cane toad's poison
             ... on level 1 of the Lair of Beasts.
             The game lasted 00:22:14 (11582 turns).

Almogavar the Nimble (Minotaur Berserker)          Turns: 11582, Time: 00:22:14

HP:   0/88 (90)     AC:  9    Str: 24    XL:     10   Next: 62%
MP:   9/9           EV: 15    Int:  4    God:    Trog [*****.]
Gold: 736           SH:  0    Dex: 11    Spells: 9/9 levels left

rFire    . . .     SeeInvis +   O - +4 great sword
rCold    . . .     Faith    .   (shield currently unavailable)
rNeg     . . .     Spirit   .   J - +0 scale mail
rPois    .         Reflect  .   (helmet restricted)
rElec    .         Harm     +   K - scarf {harm}
rCorr    .         Rampage  .   (no gloves)
Will     .....                  H - +0 pair of boots
Stlth    ..........             (no amulet)
HPRegen  0.24/turn              w - ring of see invisible
MPRegen  0.11/turn              (no ring)

@: lethally poisoned (0 -> -16), berserk cooldown, slowed, lightly drained, very
slow
A: retaliatory headbutt, horns 2
a: Renounce Religion, Berserk, Trog's Hand, Brothers in Arms


You were on level 1 of the Lair of Beasts.
You worshipped Trog.
Trog was extremely pleased with you.
You visited 2 branches of the dungeon, and saw 10 of its levels.

You collected 736 gold pieces.

Inventory:

Hand Weapons
 e - a +0 hunting sling
 O - a +4 great sword (weapon)
 P - a +1 scimitar
Missiles
 d - 199 stones
 g - 82 bolts
 r - 37 sling bullets
Armour
 i - a +0 chain mail
 C - a +0 cloak
 D - a +0 plate armour
 F - +0 steam dragon scales
 H - a +0 pair of boots (worn)
 J - a +0 scale mail (worn)
 K - a scarf of harm (worn)
Jewellery
 w - a ring of see invisible (left hand)
Wands
 f - a wand of iceblast (11)
 j - a wand of random effects (19)
 n - a wand of digging (4)
 v - a wand of polymorph (16)
 I - a wand of disintegration (11)
Scrolls
 b - 3 scrolls of teleportation
 k - 2 scrolls of fog
 m - 4 scrolls of remove curse
 o - 3 scrolls of enchant weapon
 q - a scroll of magic mapping {unknown}
 y - a scroll of fear {unknown}
 z - 2 scrolls of enchant armour {unknown}
 E - a scroll of brand weapon {unknown}
 L - a scroll of identify
 N - a scroll of silence {unknown}
Potions
 c - 8 potions of haste
 h - a potion of heal wounds
 l - a potion of berserk rage
 p - 2 potions of flight
 s - a potion of mutation {unknown}
 t - 3 potions of cancellation {unknown}
 u - a potion of lignification {unknown}
 x - 2 potions of might {unknown}
 A - 2 potions of attraction {unknown}
 B - 3 potions of curing {unknown}
 G - 3 potions of resistance {unknown}
Miscellaneous
 M - a condenser vane


   Skills:
 + Level 8.7 Fighting
 + Level 10.8 Long Blades
 + Level 8.7 Armour
 + Level 10.8 Dodging


You had 9 spell levels left.
You didn't know any spells.
Your spell library was empty.

Dungeon Overview and Level Annotations

Branches:
Dungeon (9/15)             Temple (0/1) D:7            Lair (1/6) D:9
    Orc: D:9-12

Altars:
Ashenzari
Dithmenos
Elyvilon
Fedhas
Gozag
Hepliaklqana
Makhleb
Nemelex Xobeh
Ru
Trog
Wu Jian
Yredelemnul

Shops:
D:6 ([   D:8 [*:


Innate Abilities, Weirdness & Mutations

You reflexively headbutt those who attack you in melee.
You have a pair of horns on your head.


Message History

You are too berserk!
There is a lethal amount of poison in your body!
There is a lethal amount of poison in your body!
* * * LOW HITPOINT WARNING * * *
You feel sick.
You feel a strong urge to attack something.
* * * LOW HITPOINT WARNING * * *
You feel sick.
* * * LOW HITPOINT WARNING * * *
You feel sick.
You feel your anger nearly subside.
You are no longer berserk.
You are exhausted.
You feel yourself slow down.
* * * LOW HITPOINT WARNING * * *
You feel sick.
* * * LOW HITPOINT WARNING * * *
You feel very sick.
* * * LOW HITPOINT WARNING * * *
You feel very sick.
You die...

... #...## ..
...####..##>...# ..
......#..##.... ..
.......... #...## #.
....?..#..##....# ####.
........#...###.####P#..
........##.##...........
......††.........####P#<
.......@...####### ###.
............# #.
..........### #.
.........## #.
.........# #. ........##
.. (.......# ..
.......## ......


There were no monsters in sight!

Vanquished Creatures
  A two-headed ogre (D:8)
  An unseen horror (D:9)
  An ugly thing (D:7)
  A cane toad (Lair:1)
  Maggie (D:7)
  Prince Ribbit (D:5)
  Eustachio (D:6)
  Grum (D:9)
  3 black bears
  An orc warrior (D:7)
  3 ice beasts
  3 ogres
  A necrophage (D:7)
  A phantom (D:9)
  2 wolves (D:9)
  5 centaurs
  A big kobold (D:8)
  6 bullfrogs
  2 jellies
  2 wyvern skeletons
  A scorpion (D:9)
  5 wights
  4 howler monkeys
  6 hounds
  4 orc priests
  Crazy Yiuf (D:6)
  A centaur skeleton (D:6)
  4 iguanas
  Ijyb (D:3)
  5 orc wizards
  4 worker ants
  A killer bee zombie (D:8)
  A hound skeleton (D:4)
  A howler monkey zombie (D:5)
  A worker ant zombie (D:7)
  4 gnolls (D:7)
  A howler monkey skeleton (D:7)
  6 adders
  2 shadow imps
  A white imp (D:7)
  An ufetubus (D:5)
  An ooze (D:2)
  An adder skeleton (D:7)
  3 worms
  3 dart slugs
  4 leopard geckos
  36 orcs
  8 giant cockroaches
  7 hobgoblins
  4 jackals
  4 quokkas
  A ball python (D:2)
  6 bats
  4 frilled lizards
  2 gnoll zombies (D:4)
  9 kobolds
  A quokka skeleton (D:9)
  10 rats
197 creatures vanquished.

Vanquished Creatures (others)
  A wizard (D:5)
  5 toadstools (D:1)
6 creatures vanquished.

Grand Total: 203 creatures vanquished

Notes
Turn   | Place    | Note
-------+----------+-------------------------------------------
     0 | D:1      | Almogavar the Minotaur Berserker began the quest for the
                  | Orb.
     0 | D:1      | Reached XP level 1. HP: 19/19 MP: 0/0
   347 | D:1      | Reached XP level 2. HP: 26/27 MP: 1/1
   896 | D:2      | Found a sparkling altar of Nemelex Xobeh.
  1135 | D:2      | Reached XP level 3. HP: 32/33 MP: 2/2
  1528 | D:2      | Reached ** piety under Trog
  2423 | D:3      | Reached XP level 4. HP: 38/41 MP: 3/3
  2656 | D:3      | Noticed Ijyb
  2669 | D:3      | Killed Ijyb
  2670 | D:3      | Reached skill level 5 in Fighting
  2812 | D:3      | Reached skill level 5 in Long Blades
  2812 | D:3      | Reached XP level 5. HP: 25/48 MP: 4/4
  3499 | D:4      | Found a hazy altar of Hepliaklqana.
  3507 | D:4      | Found a sacrificial altar of Ru.
  3508 | D:4      | Found a white marble altar of Elyvilon.
  3530 | D:4      | Reached XP level 6. HP: 35/56 MP: 5/5
  3543 | D:4      | Reached *** piety under Trog
  3886 | D:4      | Found a shadowy altar of Dithmenos.
  3944 | D:4      | Noticed an ice beast
  3958 | D:4      | Killed an ice beast
  4716 | D:4      | Found a basalt altar of Yredelemnul.
  4786 | D:5      | Entered Level 5 of the Dungeon
  4806 | D:5      | Noticed Prince Ribbit
  4826 | D:5      | Killed Prince Ribbit
  4827 | D:5      | Reached XP level 7. HP: 20/62 MP: 6/6
  5134 | D:5      | Found a bloodstained altar of Trog.
  5136 | D:5      | Noticed a wizard
  5141 | D:5      | Killed a wizard
  5166 | D:5      | Reached skill level 5 in Armour
  6337 | D:6      | Reached XP level 8. HP: 65/71 MP: 7/7
  6368 | D:6      | Found Vonguaw's Armour Shoppe.
  6404 | D:6      | Found a blossoming altar of Fedhas.
  6737 | D:6      | Noticed Eustachio
  6754 | D:6      | Killed Eustachio
  6919 | D:6      | Reached **** piety under Trog
  6977 | D:6      | Found Kuedeibo's Weapon Emporium.
  7298 | D:6      | Found a burning altar of Makhleb.
  7385 | D:6      | Found a runed translucent door.
  7386 | D:6      | Noticed Crazy Yiuf
  7473 | D:6      | Found a broken altar of Ashenzari.
  7509 | D:6      | Killed Crazy Yiuf
  7862 | D:7      | Found a hazy altar of Hepliaklqana.
  7961 | D:7      | Reached XP level 9. HP: 74/79 MP: 8/8
  8198 | D:7      | Found a staircase to the Ecumenical Temple.
  8230 | D:7      | Noticed Maggie
  8250 | D:7      | Killed Maggie
  8251 | D:7      | Reached skill level 10 in Long Blades
  8251 | D:7      | Reached skill level 5 in Dodging
  8597 | D:7      | Found an ornate altar of the Wu Jian Council.
  8607 | D:7      | Found an opulent altar of Gozag.
  9065 | D:7      | Noticed a green ugly thing
  9072 | D:7      | Killed a green ugly thing
  9208 | D:8      | Noticed a two-headed ogre
  9411 | D:8      | Found Renel's Assorted Antiques.
  9428 | D:8      | Found Tyif's Book Boutique.
  9487 | D:8      | Killed a two-headed ogre
  9488 | D:8      | Reached XP level 10. HP: 90/90 MP: 9/9
 10027 | D:8      | Found Xavuavop's Armour Shop.
 10358 | D:9      | Noticed an unseen horror
 10374 | D:9      | Killed an unseen horror
 10438 | D:9      | Reached ***** piety under Trog
 10445 | D:9      | Found a blossoming altar of Fedhas.
 10591 | D:9      | Found a staircase to the Lair.
 10615 | D:9      | Noticed Grum
 10640 | D:9      | Killed Grum
 10833 | D:9      | Reached skill level 10 in Dodging
 11542 | Lair:1   | Entered Level 1 of the Lair of Beasts
 11560 | Lair:1   | Noticed a cane toad
 11567 | Lair:1   | HP: 3/81 [cane toad (13)]
 11572 | Lair:1   | Killed a cane toad
 11581 | Lair:1   | HP: 2/88 [poisoned by a cane toad]
 11582 | Lair:1   | Succumbed to a cane toad's poison

Illustrated notes

Levels and vault maps discovered:
D:1:      ldierk_walled_garden, layout_loops_ring
D:2:      layout_loops_ring, nemelex_xobeh_ov_fountains_minmay
D:3:      layout_loops_ring, uniq_ijyb
D:4:      layout_loops_corners, lemuel_zombie_altar_yredelemnul,
          grunt_temple_overflow_open, minmay_misc_feat_doors,
          grunt_decor_arrowhead, grunt_dithmenos_smoke_and_mirrors
D:5:      layout_basic, serial_rivers, chequers_serial_rivers_micro_e,
          chequers_serial_rivers_marsh, chequers_serial_rivers_room_a,
          chequers_serial_rivers_small_3, chequers_serial_rivers_large_a,
          chequers_serial_rivers_small_3, trog_wizard, uniq_prince_ribbit1
D:6:      layout_loops_ring, fedhas_bush_and_centaur_altar, kennysheep_mini,
          old_standard_altar, serial_shops, nicolae_shop_stone,
          nicolae_shop_stone, uniq_eustachio, uniq_crazy_yiuf_cottage
D:7:      minmay_cornered_nines, layout_cave_pools,
          amethyst_overflow_temple_binary, temple_fountains, basic_altar,
          uniq_maggie
D:8:      layout_loops_ring, serial_shops, nicolae_shop_trees, shop,
          nicolae_shop_trees, minivault_24
D:9:      layout_roguey, lair_entry_dummy, basic_altar, uniq_grum
Lair:1:   layout_cave_pods, gauntlet_entry_generic, lemuel_fruit_fields

Skill      XL: |  1  2  3  4  5  6  7  8  9 10 |
---------------+-------------------------------+-----
Fighting       | 4 5 6 7 8 |  8.7
Long Blades    | 4 5 6 7 9 10 | 10.8
Armour         | 3 4 6 7 8 |  8.7
Dodging        | 3 4 8 10 | 10.8

Action                   |  1- 3 |  4- 6 |  7- 9 | 10-12 || total
-------------------------+-------+-------+-------+-------++-------
Melee: Falchion          |    79 |   116 |   277 |   117 ||   589
       Headbutt          |    13 |    22 |    78 |    26 ||   139
       Great sword       |       |       |       |    10 ||    10
Invok: Berserk           |       |     1 |     4 |     2 ||     7
       Trog's Hand       |       |       |     2 |     1 ||     3
  Use: Scroll            |     4 |     3 |     6 |       ||    13
       Potion            |       |       |       |     2 ||     2
 Stab: Sleeping          |     1 |       |       |       ||     1
Armor: Animal skin       |    13 |       |       |       ||    13
       Ring mail         |     6 |    31 |    78 |     1 ||   116
       Scale mail        |       |       |       |    34 ||    34
Dodge: Dodged            |    41 |    44 |   173 |    90 ||   348
       Rpst.: Falchion   |    14 |    16 |    51 |    19 ||   100
